Map: King Sejong Station LE

Players

LiquidVortiX (Vortix) - Winner!

  • Race: Zerg Zerg
  • League: Master

MajeStic

  • Race: Protoss Protoss
  • League: Master

Event: DreamHack ZOWIE Open Valencia 2016

VOD

Have the link to the VOD?

Description

Time

  • Played on: July 14, 2016, 12:44 p.m.
  • Length: 11:07

All games in this series

Show
View Real Time Build Order
Export as new Build Order

LiquidVortiX Zerg - Winner!

Build Orders: Hatch First 

Get SALT Encoding   

  12  0:00  Drone  
  13  0:12  Overlord  
  13  0:17  Drone  
  14  0:30  Drone x2  
  14  0:34  Drone  
  17  0:52  Hatchery  
  17  0:54  Drone  
  17  0:57  Drone  
  18  1:08  Extractor  
  17  1:12  Spawning Pool  
  17  1:15  Drone  
  17  1:18  Drone  
  18  1:28  Drone  
  19  1:54  Hatchery  
  19  1:59  Queen  
  20  2:03  Queen  
  22  2:09  Metabolic Boost  
  22  2:13  Zergling x2  
  23  2:17  Zergling x2  
  24  2:23  Overlord  
  24  2:26  Drone  
  24  2:29  Drone  
  26  2:33  Drone  
  26  2:36  Drone  
  28  2:43  Drone x2  
  30  2:48  Overlord  
  30  2:50  Drone  
  31  2:58  Queen  
  33  3:09  Drone, Queen  
  33  3:10  Drone  
  33  3:12  Drone  
  38  3:14  Drone  
  38  3:18  Zergling x4  
  41  3:21  Zergling x2  
  41  3:22  Zergling x2  
  43  3:29  Drone x3  
  43  3:33  Drone x2  
  47  3:42  Drone  
  47  3:43  Drone  
  49  3:51  Overlord  
  49  3:55  Overlord  
  49  3:57  Spore Crawler  
  49  4:01  Spore Crawler  
  47  4:03  Drone x2  
  47  4:06  Extractor  
  49  4:12  Drone x4  
  49  4:13  Drone x4  
  49  4:14  Overlord  
  56  4:18  Overlord  
  54  4:26  Spore Crawler  
  54  4:29  Drone, Spore Crawler  
  54  4:30  Drone x4  
  57  4:33  Zergling x4  
  59  4:40  Zergling x6  
  59  4:41  Extractor  
  59  4:42  Zergling x2  
  59  4:43  Zergling x4  
  59  4:44  Zergling x2  
  64  4:47  Zergling x4  
  66  4:53  Lair  
  66  4:54  Drone  
  66  4:58  Drone x2  
  66  4:59  Drone x2, Extractor  
  70  5:02  Overlord  
  70  5:06  Evolution Chamber  
  69  5:07  Drone x3  
  69  5:11  Extractor  
  69  5:12  Drone  
  69  5:13  Drone x2  
  74  5:16  Drone  
  74  5:17  Drone  
  74  5:23  Drone  
  74  5:24  Drone x3  
  77  5:32  Baneling Nest  
  77  5:34  Extractor  
  75  5:35  Zerg Missile Weapons Level 1  
  75  5:36  Drone  
  75  5:37  Drone x7  
  83  5:49  Overlord  
  83  5:50  Drone x3  
  83  5:55  Hydralisk Den  
  85  5:57  Drone  
  85  5:58  Drone x2  
  85  5:59  Drone  
  89  6:07  Overlord x2  
  89  6:12  Drone x3, Extractor  
  89  6:16  Centrifical Hooks  
  89  6:17  Baneling  
  89  6:18  Baneling x6  
  91  6:20  Zergling x8  
  91  6:21  Overlord  
  91  6:24  Hatchery  
  94  6:26  Muscular Augments  
  94  6:27  Zergling x6  
  97  6:38  Hydralisk x2, Overlord  
  97  6:39  Hydralisk x2  
  105  6:41  Hydralisk  
  105  6:42  Hydralisk  
  109  6:51  Hydralisk x2  
  109  6:52  Hydralisk x2  
  116  6:55  Overlord x2  
  116  6:59  Overlord  
  116  7:02  Hydralisk x2  
  116  7:06  Hydralisk  
  116  7:07  Hydralisk  
  124  7:09  Overlord  
  124  7:11  Overseer  
  124  7:12  Hydralisk  
  124  7:13  Hydralisk  
  128  7:17  Hydralisk  
  128  7:18  Zergling x4  
  128  7:19  Zergling x2  
  133  7:24  Hydralisk  
  133  7:25  Zergling x8  
  133  7:29  Zergling x2  
  140  7:30  Baneling  
  140  7:31  Baneling x6  
  140  7:35  Baneling x2  
  140  7:37  Zergling x2  
  140  7:38  Zergling x12  
  147  7:47  Zergling x8  
  147  7:48  Zerg Missile Weapons Level 2  
  147  7:50  Zergling x2  
  147  7:51  Zergling x2  
  142  8:05  Zergling x16  
  137  8:10  Zergling x2  
  137  8:11  Zergling x6  
  133  8:17  Hydralisk x2  
  129  8:21  Queen  
  129  8:23  Zergling x4  
  129  8:24  Zergling x6  
  136  8:32  Hydralisk x3  
  125  8:37  Hydralisk x2  
  125  8:41  Hydralisk x2  
  113  8:45  Hydralisk  
  119  8:51  Baneling x10  
  119  8:52  Baneling  
  119  8:53  Hydralisk x6, Baneling x3  
  131  8:58  Hydralisk  
  132  9:03  Hydralisk x2  
  133  9:10  Hydralisk  
  133  9:11  Hydralisk  
  133  9:13  Zergling x2  
  133  9:14  Zergling x12  
  133  9:16  Hydralisk x2  
  147  9:21  Hydralisk  
  147  9:22  Hydralisk  
  144  9:32  Hydralisk x2  
  144  9:33  Hydralisk  
  144  9:35  Zergling x10  
  147  9:38  Hydralisk  
  147  9:39  Zergling x2, Hydralisk  
  147  9:40  Zergling x4  
  147  9:43  Hydralisk x2  
  147  9:45  Zergling x4  
  128  9:53  Hydralisk x3  
  128  9:56  Zergling x2  
  128  9:57  Zergling x4  
  130  10:04  Zergling x8  
  133  10:09  Baneling x2  
  133  10:10  Baneling x3  
  133  10:12  Zergling x8  
  137  10:15  Baneling x2  
  137  10:17  Zergling x4  
  137  10:19  Zergling x4  
  137  10:20  Zergling x6  
  144  10:22  Zergling x10  
  144  10:26  Zergling x8  
  153  10:30  Baneling x7  
  153  10:31  Baneling  
  152  10:36  Hydralisk  
  152  10:37  Zergling x4, Hydralisk  
  158  10:44  Overlord x2  
  158  10:45  Baneling  
  158  10:46  Baneling x3  
  158  10:49  Baneling x2  
Show
View Real Time Build Order
Export as new Build Order

MajeStic Protoss 

Build Orders: 1 Gate Expand, Oracle Opening, Zealot Archon 

Get SALT Encoding   

  12  0:00  Probe (Chrono Boost)  
  13  0:11  Probe (Chrono Boost)  
  14  0:18  Pylon  
  14  0:22  Probe (Chrono Boost)  
  15  0:36  Probe (Chrono Boost)  
  15  0:39  Gateway  
  16  0:44  Assimilator  
  16  0:47  Probe (Chrono Boost)  
  17  0:57  Probe (Chrono Boost)  
  18  1:08  Probe (Chrono Boost)  
  20  1:18  Probe (Chrono Boost)  
  20  1:22  Nexus  
  20  1:33  Cybernetics Core  
  20  1:35  Probe (Chrono Boost)  
  21  1:40  Assimilator  
  21  1:45  Probe (Chrono Boost)  
  22  1:49  Pylon  
  22  1:56  Probe (Chrono Boost)  
  23  2:06  Stalker  
  24  2:09  Probe (Chrono Boost)  
  24  2:11  Warp Gate  
  26  2:22  Probe (Chrono Boost)  
  27  2:33  Mothership Core (Chrono Boost)  
  27  2:35  Probe (Chrono Boost)  
  27  2:37  Adept  
  32  2:45  Probe (Chrono Boost)  
  32  2:50  Stargate  
  33  2:52  Probe (Chrono Boost)  
  33  2:56  Probe (Chrono Boost)  
  35  3:02  Probe (Chrono Boost)  
  35  3:03  Gateway  
  36  3:06  Probe (Chrono Boost)  
  37  3:13  Probe (Chrono Boost)  
  37  3:17  Probe (Chrono Boost)  
  39  3:23  Probe (Chrono Boost)  
  40  3:27  Pylon  
  40  3:28  Oracle, Probe (Chrono Boost)  
  45  3:34  Probe (Chrono Boost)  
  45  3:37  Gateway  
  45  3:40  Probe (Chrono Boost)  
  46  3:46  Probe (Chrono Boost)  
  47  3:52  Probe (Chrono Boost)  
  47  3:54  Nexus  
  48  3:56  Probe (Chrono Boost)  
  49  4:04  Probe (Chrono Boost)  
  49  4:07  Probe (Chrono Boost)  
  48  4:10  Pylon  
  48  4:11  Assimilator  
  48  4:13  Pylon  
  48  4:14  Assimilator  
  48  4:16  Probe (Chrono Boost)  
  49  4:18  Probe (Chrono Boost), Twilight Council  
  49  4:19  Forge  
  50  4:29  Pylon, Probe x2 (Chrono Boost)  
  52  4:35  Sentry x2  
  56  4:39  Probe (Chrono Boost)  
  56  4:41  Protoss Ground Weapons Level 1, Probe (Chrono Boost)  
  58  4:50  Probe (Chrono Boost)  
  58  4:51  Sentry  
  62  4:53  Probe (Chrono Boost)  
  62  5:02  Robotics Facility  
  62  5:04  Probe (Chrono Boost)  
  62  5:05  Zealot x2, Probe (Chrono Boost)  
  68  5:11  Pylon  
  68  5:14  Nexus  
  68  5:15  Pylon  
  68  5:17  Probe x2 (Chrono Boost)  
  66  5:22  Zealot  
  66  5:27  Zealot x2  
  71  5:30  Probe x2 (Chrono Boost)  
  71  5:31  Pylon  
  73  5:42  Probe (Chrono Boost)  
  74  5:43  Gateway  
  74  5:44  Gateway  
  74  5:48  Nexus  
  75  5:51  Probe (Chrono Boost)  
  75  5:54  Pylon  
  75  5:58  Observer  
  75  5:59  Pylon  
  75  6:03  Resonating Glaives  
  76  6:07  Templar Archives  
  76  6:08  Gateway  
  76  6:12  Gateway  
  76  6:15  Gateway  
  76  6:23  Protoss Ground Armor Level 1, Gateway x2  
  76  6:25  Sentry  
  78  6:26  Photon Cannon  
  78  6:31  Probe (Chrono Boost)  
  78  6:32  Probe (Chrono Boost)  
  80  6:39  Warp Prism  
  84  6:55  Probe x2 (Chrono Boost)  
  84  6:56  Pylon  
  84  6:57  High Templar x5  
  94  7:05  Pylon  
  94  7:06  Archon x2  
  94  7:14  Probe x2 (Chrono Boost)  
  96  7:15  Pylon  
  96  7:16  Assimilator  
  96  7:17  Probe (Chrono Boost)  
  96  7:18  High Templar  
  96  7:22  Archon  
  99  7:23  Assimilator  
  99  7:26  Probe x2 (Chrono Boost)  
  101  7:43  Adept  
  101  7:44  Adept x7  
  107  7:45  Adept  
  119  7:52  Adept  
  117  7:59  Protoss Ground Weapons Level 2  
  97  8:06  Adept x4  
  97  8:07  Adept x4  
  111  8:18  Adept x2  
  105  8:26  Adept  
  105  8:27  Adept x6  
  91  8:41  Pylon  
  91  8:43  Adept  
  93  8:52  Pylon  
  93  8:53  Adept x3  
  93  8:54  Sentry, Adept x3  
  107  8:56  Sentry  
  109  9:05  Nexus  
  109  9:07  Adept x2  
  109  9:08  Probe (Chrono Boost)  
  109  9:09  Probe (Chrono Boost)  
  111  9:10  Probe (Chrono Boost)  
  111  9:19  Probe (Chrono Boost)  
  111  9:21  Probe (Chrono Boost)  
  113  9:34  Sentry x2, Adept x3  
  113  9:35  Adept x4  
  113  9:38  Warp Prism  
  83  10:02  Sentry x4, Adept x2  
  83  10:03  Sentry x2, Adept x2  
  93  10:10  Pylon  
  93  10:11  Pylon  
  93  10:13  Pylon  
  85  10:36  Adept x5  
  85  10:37  Adept x5  
  104  10:57  Adept x6  
  108  10:58  Adept x4  

Tags
 
Add a new tag
Caveats
  • Supply blocks, unpowered buildings, or Contaminate may cause inaccurate times.
  • Supply counts are checked every 10 seconds.